 Dungeon Crawl Stone Soup version 0.29.1-1-gd02db6906a (webtiles) character file.

Game seed: 2043742276329940991

1896 Linkola the Poker (level 8, -4/70 HPs)
             Began as a Minotaur Fighter on Sept 27, 2022.
             Was a Believer of Wu Jian.
             Slain by a wyvern (13 damage)
             ... on level 7 of the Dungeon.
             The game lasted 00:14:19 (7463 turns).

Linkola the Poker (Minotaur Fighter)                Turns: 7463, Time: 00:14:21

Health: -4/70      AC: 12    Str: 22    XL:     8   Next: 93%
Magic:  7/7        EV: 12    Int:  5    God:    Wu Jian [**....]
Gold:   1511       SH:  0    Dex: 11    Spells: 7/7 levels left

rFire   . . .      SeeInvis .   z - +1 glaive (pain)
rCold   . . .      Faith    .   (shield currently unavailable)
rNeg    . . .      Spirit   .   C - +2 swamp dragon scales
rPois   +          Reflect  .   (helmet restricted)
rElec   .          Harm     .   a - +0 cloak
rCorr   +          Rampage  .   (no gloves)
Will    +....                   (no boots)
Stlth   +.........              (no amulet)
HPRegen 0.21/turn               m - ring of resist corrosion
MPRegen 0.10/turn               r - ring of willpower

@: lethally poisoned (-4 -> -9)
A: horns 2, retaliatory headbutt
a: Renounce Religion, Wall Jump


You were on level 7 of the Dungeon.
You worshipped Wu Jian.
Wu Jian was pleased with you.
You visited 2 branches of the dungeon, and saw 8 of its levels.

You collected 1511 gold pieces.

Inventory:

Hand Weapons
 z - a +1 glaive of pain (weapon)
Missiles
 g - 10 stones (quivered)
 B - a curare-tipped dart
 D - 3 boomerangs
Armour
 a - a +0 cloak (worn)
 c - a +0 buckler
 C - +2 swamp dragon scales (worn)
Jewellery
 m - a ring of resist corrosion (left hand)
 r - a ring of willpower (right hand)
Wands
 k - a wand of digging (4)
 l - a wand of flame (16)
 p - a wand of polymorph (12)
 E - a wand of roots (13)
Scrolls
 f - 2 scrolls of noise {unknown}
 i - 5 scrolls of teleportation
 j - a scroll of vulnerability {unknown}
 o - 4 scrolls of magic mapping
 q - a scroll of blinking {unknown}
 s - a scroll of enchant weapon {unknown}
 t - 3 scrolls of immolation {unknown}
 u - a scroll of poison {unknown}
 x - 2 scrolls of identify
 y - a scroll of fear {unknown}
Potions
 b - a potion of cancellation {unknown}
 d - a potion of might
 e - 6 potions of curing
 h - 2 potions of resistance
 n - 2 potions of haste {unknown}
 v - 3 potions of mutation {unknown}
 w - a potion of invisibility {unknown}
 A - a potion of heal wounds {unknown}


   Skills:
 + Level 6.0 Fighting
 + Level 7.7 Polearms
 * Level 4.6 Throwing
 + Level 7.0 Armour
 * Level 4.9 Dodging
 + Level 5.1 Shields
 + Level 0.3 Unarmed Combat


You had 7 spell levels left.
You didn't know any spells.
Your spell library contained the following spells:

 Spells                   Type           Power      Damage    Failure   Level
 Beastly Appendage        Tmut           0%         N/A       63%         1
 Freeze                   Ice            0%         1d3       63%         1
 Wereblood                Tmut           0%         N/A       77%         2
 Frozen Ramparts          Ice            0%         1d1       94%         3
 Spider Form              Tmut/Pois      0%         N/A       94%         3
 Hailstorm                Conj/Ice       0%         3d3       100%        4
 Summon Ice Beast         Ice/Summ       0%         N/A       100%        4
 Summon Mana Viper        Hex/Summ       0%         N/A       100%        5
 Monstrous Menagerie      Summ           0%         N/A       100%        7


Dungeon Overview and Level Annotations

Branches:
Dungeon (7/15)             Temple (1/1) D:4

Altars:
Dithmenos
Nemelex Xobeh
Ru
Wu Jian
Zin


Innate Abilities, Weirdness & Mutations

You have a pair of horns on your head.
You reflexively headbutt those who attack you in melee.


Message History

You hit the killer bee but do no damage.
You feel very sick.
The killer bee stings you but does no damage.
The killer bee stings you.
A wyvern comes into view.
The killer bee stings you.
You closely miss the killer bee.
You feel sick.
The wyvern hisses angrily.
The killer bee stings you! The killer bee stings you.
You miss the killer bee.
You feel sick. The killer bee stings you.
The killer bee stings you but does no damage.
The killer bee barely misses you.
You barely miss the killer bee.
You feel sick. The killer bee closely misses you.
The killer bee stings you but does no damage.
You are too injured to fight recklessly!
You are too injured to fight recklessly!
You are too injured to fight recklessly!
You barely miss the killer bee.
You feel sick. The killer bee closely misses you. The wyvern bites you.
The killer bee stings you but does no damage.
The wyvern misses you. The killer bee closely misses you.
You miss the killer bee.
You feel sick. The killer bee completely misses you.
The wyvern closely misses you. The killer bee misses you.
The wyvern barely misses you. The killer bee stings you.
You are more poisoned.
The killer bee poisons you!
You closely miss the killer bee.
You feel very sick. The wyvern closely misses you.
The killer bee barely misses you. The wyvern closely misses you.
The killer bee closely misses you. You furiously retaliate!
You headbutt the killer bee. You barely miss the killer bee.
The killer bee is lightly wounded.
You feel very sick. The killer bee closely misses you. The wyvern bites you!
* * * LOW HITPOINT WARNING * * *
The killer bee stings you but does no damage.
The wyvern bites you!
You die...

##.# #..#
...######
#.......>
....... #....
#yl# #
#######@.####.#
....$..........
..
+######....####
.. ###....# .##
#......# ..
+..##...# .#
###
#...#####.##
#..........#
#..........#


You could see a wyvern and a killer bee.

Vanquished Creatures
  Maggie (D:6)
  Eustachio (D:5)
  A water moccasin (D:7)
  A sky beast (D:6)
  An ogre (D:6)
  A kobold brigand (D:6)
  Blork the orc (D:5)
  A necrophage (D:6)
  2 bullfrogs
  3 scorpions
  A howler monkey (D:7)
  3 hounds
  2 orc priests
  A gnoll bouda (D:5)
  6 iguanas
  Ijyb (D:3)
  2 orc wizards
  4 gnolls (D:5)
  10 adders
  An ufetubus (D:5)
  A worm (D:3)
  A dart slug (D:1)
  18 orcs
  4 ball pythons
  10 endoplasms
  3 giant cockroaches
  3 goblins
  10 hobgoblins
  8 jackals
  3 quokkas
  6 bats
  A frilled lizard (D:2)
  11 kobolds
  3 rats
126 creatures vanquished.

Vanquished Creatures (others)
  25 plants (D:2)
25 creatures vanquished.

Grand Total: 151 creatures vanquished

Notes
Turn   | Place    | Note
-------+----------+-------------------------------------------
     0 | D:1      | Linkola the Minotaur Fighter began the quest for the Orb.
     0 | D:1      | Reached XP level 1. HP: 19/19 MP: 0/0
    73 | D:1      | Reached XP level 2. HP: 27/27 MP: 1/1
   169 | D:1      | Identified a scroll of acquirement
   170 | D:1      | Acquired 1080 gold pieces
   464 | D:1      | Found a faded altar of an unknown god.
   520 | D:1      | Reached XP level 3. HP: 33/33 MP: 2/2
  1180 | D:2      | Found a sacrificial altar of Ru.
  1678 | D:2      | Reached skill level 1 in Throwing
  1928 | D:3      | Reached XP level 4. HP: 40/40 MP: 3/3
  1962 | D:3      | Found a glowing silver altar of Zin.
  2155 | D:3      | Noticed Ijyb
  2202 | D:3      | Killed Ijyb
  2203 | D:3      | Reached skill level 1 in Dodging
  2984 | D:4      | Reached XP level 5. HP: 27/47 MP: 4/4
  3339 | D:4      | Found a staircase to the Ecumenical Temple.
  3349 | Temple   | Entered the Ecumenical Temple
  3359 | Temple   | Became a worshipper of the Wu Jian Council
  3558 | D:4      | Found a shadowy altar of Dithmenos.
  3702 | D:4      | Found a sparkling altar of Nemelex Xobeh.
  4205 | D:5      | Entered Level 5 of the Dungeon
  4251 | D:5      | Reached XP level 6. HP: 41/53 MP: 5/5
  4586 | D:5      | Reached skill level 5 in Armour
  4603 | D:5      | Reached * piety under Wu Jian
  4848 | D:5      | Reached skill level 5 in Polearms
  4991 | D:5      | Reached XP level 7. HP: 28/60 MP: 6/6
  5373 | D:5      | Noticed Eustachio
  5394 | D:5      | Killed Eustachio
  5555 | D:5      | Noticed Blork the orc
  5565 | D:5      | Killed Blork the orc
  5566 | D:5      | Reached skill level 5 in Fighting
  6191 | D:6      | Reached XP level 8. HP: 24/68 MP: 7/7
  6460 | D:6      | Noticed Maggie
  6479 | D:6      | Killed Maggie
  6479 | D:6      | Reached ** piety under Wu Jian
  6480 | D:6      | Reached skill level 5 in Shields
  6865 | D:6      | Identified the -1 hat of Ecoiw {rC+ Int+4}
  7463 | D:7      | Slain by a wyvern

Illustrated notes

Levels and vault maps discovered:
D:1:      saegor_arrival_fortress, layout_basic, basic_ecumenical_altar,
          hangedman_feature_mirror, kennysheep_flooded_box, minmay_pentomino_t2
D:2:      layout_basic, basic_altar, serial_bayou_lagoon_a
D:3:      layout_loops_cross, mainiacjoe_overflow_six_doors_small, st_stairs_10,
          amethyst_killhole, hangedman_feature_mirror, uniq_ijyb
D:4:      layout_basic, grunt_dithmenos_smoke_and_mirrors, lemuel_doored_altar,
          lemuel_temple_firewalk_b
D:5:      minmay_opposing_rooms, layout_basic, nicolae_overflow_hidden_temple,
          uniq_eustachio, uniq_blork_the_orc
D:6:      layout_loops_ring, uniq_maggie
D:7:      layout_loops_ring, grunt_temple_overflow_forces_of_nature,
          mainiacjoe_overflow_24_doors, chequers_serial_rivers_large_a,
          uniq_pikel
Temple:   nicolae_temple_godpark

Skill      XL: |  1  2  3  4  5  6  7  8 |
---------------+-------------------------+-----
Fighting       | 4 5 6 |  6.0
Armour         | 4 5 6 7 |  7.0
Shields        | 4 5 |  5.1
Polearms       | 3 4 5 6 7 |  7.7
Throwing       | 1 2 3 4 |  4.6
Dodging        | 1 2 3 4 |  4.9
Unarmed Combat | |  0.3

Action                   |  1- 3 |  4- 6 |  7- 9 || total
-------------------------+-------+-------+-------++-------
Melee: Trident           |    96 |   162 |   133 ||   391
       Headbutt          |     6 |    24 |    26 ||    56
       Unarmed           |       |    17 |       ||    17
       Glaive            |       |       |    45 ||    45
Throw: Stone             |     4 |    29 |     9 ||    42
Invok: Lunge             |       |     5 |     9 ||    14
       Whirlwind         |       |     1 |     6 ||     7
  Use: Scroll            |     5 |     4 |       ||     9
Armor: Scale mail        |    30 |    63 |    47 ||   140
       Skin              |       |     4 |       ||     4
       Swamp dragon scal |       |       |    23 ||    23
Dodge: Dodged            |    29 |    85 |   110 ||   224
Block: Buckler           |    10 |    34 |    31 ||    75
